AoeStats
← GreatPerson25

Black Forest

507625862Analyzed
4v4 RM · 12d ago on Sep 19, 2026· 12m 43s· 8 players
Game mode
Random Map
Map size
Large (8 player)
Population
200
Speed
Normal
Resources
Standard
Victory
Conquest
Starting age
Dark Age
Ending age
Imperial Age
RankedLock teamsTeams togetherTeam positionsShared explorationLock speedFull tech treeHidden civsTurbo modeCheats
Victory
Defeat
🇺🇸 Japanese · United States
1455
+18
🇺🇸 Lithuanians · United States
1423
+19
🇭🇰 Khmer · Hong Kong SAR China
1411
+20
🇭🇰 Teutons · Hong Kong SAR China
1407
+20
🇵🇪 Persians · Peru
1558
-21
🇺🇸 Portuguese · United States
1487
-19
🇲🇽 Khmer · Mexico
1480
-19
🇺🇸 Mongols · United States
1476
-18
romulus.nashoba
11:33 Feudal Age
thefacelessz12
0:39 Loom
Dwarf king
10:34 Feudal Age
14:27 Castle Age
12:18 Double-Bit Axe
Elabayalde
10:23 Feudal Age
13:54 Castle Age
12:36 Double-Bit Axe
GreatPerson25
1:19 Loom
13:18 Feudal Age
bobross
10:31 Feudal Age
12:35 Loom
虫
11:45 Feudal Age
拿捏木村
1:07 Loom
10:47 Feudal Age
15:05 Castle Age
Connection lost

Rejoining the realm…

Still unreachable

The connection could not be restored.

Session expired

The server has moved on; the page needs a fresh start.